 Dungeon Crawl Stone Soup version 0.32-a0-136-gc02482bde3 (webtiles) character file.

Game seed: 13312735065263684105

36 jasper the Digger (level 3, -2/21 HPs)
             Began as an Octopode Earth Elementalist on Feb 10, 2024.
             Slain by an orc
             ... wielding a +1 mace of protection
              (6 damage)
             ... on level 2 of the Dungeon.
             The game lasted 00:02:25 (1716 turns).

jasper the Digger (Octopode Earth Elementalist)     Turns: 1716, Time: 00:02:26

Health: -2/21      AC:  1    Str:  7    XL:     3   Next: 37%
Magic:  1/6        EV: 13    Int: 19    God:
Gold:   151        SH:  0    Dex: 12    Spells: 2/6 levels left

rFire   . . .        (no weapon)
rCold   . . .        (no shield)
rNeg    . . .        (helmet restricted)
rPois   .            c - amulet of the acrobat
rElec   .            (no ring)
rCorr   .            (no ring)
SInv    .            (no ring)
Will    .....        (no ring)
Stlth   +++          (no ring)
HPRegen 0.23/turn    (no ring)
MPRegen 0.10/turn    (no ring)
                     (no ring)

%: acrobat
@: no status effects
A: almost no armour, amphibious, 8 rings, camouflage 1, gelatinous body 1,
(nimble swimmer 1), tentacles
a: no special abilities


You were on level 2 of the Dungeon.
You visited 1 branch of the dungeon, and saw 3 of its levels.

You collected 151 gold pieces.

Inventory:

Missiles
 g - 2 boomerangs
Jewellery
 c - an amulet of the acrobat (around mantle)
Potions
 a - a potion of magic
 b - a potion of brilliance {unknown}
 d - a potion of mutation {unknown}
 e - a potion of enlightenment {unknown}
 f - 2 potions of ambrosia {unknown}
 j - a potion of curing {unknown}


   Skills:
 - Level 2.0 Dodging
 - Level 2.6 Stealth
 - Level 2.0 Spellcasting
 - Level 1.0 Conjurations
 + Level 4.3 Earth Magic


You had 2 spell levels left.
You knew the following spells:

 Your Spells              Type           Power      Damage    Failure   Level
a - Sandblast             Erth           36%        2d10      2%          1
b - Passwall              Erth           18%        N/A       9%          3

Your spell library contained the following spells:

 Spells                   Type           Power      Damage    Failure   Level
 Stone Arrow              Conj/Erth      24%        3d8       17%         3
 Brom's Barrelling Bould  Conj/Erth      12%        2d4       50%         4
 Petrify                  Alch/Erth      10%        N/A       56%         4


Dungeon Overview and Level Annotations

Branches:
Dungeon (3/15)

Altars:

Shops:
D:1 [=!(


Innate Abilities, Weirdness & Mutations

You cannot wear most types of armour.
You are amphibious.
You can wear up to eight rings at the same time.
Your skin changes colour to match your surroundings (Stealth+).
Your rubbery body absorbs attacks. (AC +1, EV +1)
((You are camouflaged when in or above water. (Stealth+)))
You have tentacles for arms and can constrict up to eight enemies at once.


Message History

That would be overly suicidal.
Okay, then.
Aiming: Sandblast (safe; 2% risk of failure)
Press: ? - help, Q - select action, (/) - cycle Shift-Dir - straight line, f - orc
Aim: an orc, wielding a +1 mace of protection (82% to hit)
The blast of sand hits the orc but does no damage.
You now have 4/6 mp.
Aiming: Sandblast (safe; 2% risk of failure)
Press: ? - help, Q - select action, (/) - cycle Shift-Dir - straight line, f/p - orc
Aim: an orc, wielding a +1 mace of protection (82% to hit)
The blast of sand hits the orc.
The orc is moderately wounded.
You now have 3/6 mp.
Aiming: Sandblast (safe; 2% risk of failure)
Press: ? - help, Q - select action, (/) - cycle Shift-Dir - straight line, f/p - orc
Aim: an orc, wielding a +1 mace of protection (moderately wounded, 82% to hit)
The blast of sand misses the orc.
The orc wizard shouts!
The orc hits you with a +1 mace of protection.
The orc hits you with a +1 mace of protection!
* * * LOW HITPOINT WARNING * * *
You take 13 damage, and have 5/21 hp.
MASSIVE DAMAGE!!
You now have 2/6 mp.
The orc hits you with a +1 mace of protection.
* * * LOW HITPOINT WARNING * * *
You climb upwards.
There is a stone staircase leading down here.
You take 2 damage, and have 3/21 hp.
Aiming: Sandblast (safe; 2% risk of failure)
Press: ? - help, Q - select action, (/) - cycle Shift-Dir - straight line, f - orc
Aim: an orc, wielding a +1 mace of protection (lightly wounded, 82% to hit)
The blast of sand misses the orc.
The orc misses you.
You now have 2/6 mp.
Aiming: Sandblast (safe; 2% risk of failure)
Press: ? - help, Q - select action, (/) - cycle Shift-Dir - straight line, f/p - orc
Aim: an orc, wielding a +1 mace of protection (lightly wounded, 82% to hit)
The blast of sand hits the orc but does no damage.
The orc is lightly wounded.
The orc hits you with a +1 mace of protection.
You die...

#..........#..####### #.#
#..........#..## #.#
.~...~...~.....# #.#
...~~~.~.~~..#.# #.#
.~~~~≈≈~≈≈≈~~#.# ###########.#
.~~~≈~≈≈≈≈≈≈~#.###.........#.#
.~~≈~≈~~~~~......#.#######.#.#
.~≈≈≈~~.~≈~.~###o#.# #.#.##
..≈≈~._♣≈~~..###@#.# #.#..#
..~≈~..~≈~~..###.#.# #.##.#
~.~≈~≈≈≈≈≈~...##.#.# #.##.#
.~~÷≈≈≈≈≈≈~.~....#.# #.##.#
.~~~≈≈≈≈≈~~≈~###.#.#######.##.#
~~.~.≈~~..≈..###.#......##.##.#
~.....~...~..#
#.######.##.##.##
############## #.# #.##.....#
#.# #.########


You could see an orc.

Vanquished Creatures
  An orc (D:3)
  4 bats
  3 endoplasms
  4 giant cockroaches
  3 hobgoblins (D:1)
  4 jackals (D:1)
  A quokka (D:1)
  A ball python (D:2)
  3 frilled lizards
  2 goblins (D:1)
  2 kobolds (D:1)
  3 rats
31 creatures vanquished.

Notes
Turn   | Place    | Note
-------+----------+-------------------------------------------
     0 | D:1      | jasper the Octopode Earth Elementalist began the quest for
                  | the Orb.
     0 | D:1      | Reached XP level 1. HP: 11/11 MP: 3/3
   123 | D:1      | Reached XP level 2. HP: 15/17 MP: 0/5
   201 | D:1      | Found Guonek's Weapon Boutique.
   418 | D:1      | Found Baxuw's Distillery.
   450 | D:1      | Found Lanudgha's Antique Armour Boutique.
   581 | D:1      | Reached skill level 4 in Earth Magic
   810 | D:2      | Found a faded altar of an unknown god.
   975 | D:2      | Reached XP level 3. HP: 21/21 MP: 4/6
   979 | D:2      | Learned a level 3 spell: Passwall
  1716 | D:2      | Slain by an orc

Illustrated notes

Levels and vault maps discovered:
D:1:      ebering_hopf_link, layout_rooms, serial_shops,
          nicolae_shop_hallway_stairs, shop, shop, shop, dreamdust_wishing_well,
          hangedman_abyss_or_decor_stabs
D:2:      layout_basic, chequers_ecumenical_altar_island
D:3:      layout_basic, st_stairs_10

Skill      XL: |  1  2 |
---------------+-------+-----
Earth Magic    | 4 |  4.3
Dodging        | |  2.0
Stealth        | |  2.6
Spellcasting   | |  2.0
Conjurations   | |  1.0

Action                     || total
---------------------------++-------
  Melee: Unarmed           ||     6
         Constrict         ||     1
         Tentacles         ||     1
   Cast: Sandblast         ||    47
    Use: Scroll            ||     4
 Armour: Skin              ||    12
  Dodge: Dodged            ||    20

Table legend: (Time is in decaauts)
 A = Elapsed time spent in this place.
 B = Non-inter-level travel time spent in this place.
 C = Inter-level travel time spent in this place.
 D = Time resting spent in this place.
 E = Time spent auto-exploring this place.
 F = Levels seen in this place.
 G = Mean time per level.
                   A        B        C        D        E       F      G
               +--------+--------+--------+--------+--------+-----+--------+
         Total |   1739 |   1682 |     57 |    195 |   1241 |   3 |  579.7 |
       Dungeon |   1739 |   1682 |     57 |    195 |   1241 |   3 |  579.7 |
               +--------+--------+--------+--------+--------+-----+--------+

Top non-repeatable levels by time:
     D:2: 840 daAuts
     D:1: 822 daAuts
     D:3: 76 daAuts
